 Dungeon Crawl Stone Soup version 0.32-a0-994-gabb26cbae4 (webtiles) character file.

Game seed: 12639100734311558597

39 MacCMillion the Cudgeller (level 3, -3/37 HPs)
             Began as an Oni Gladiator on Apr 22, 2024.
             Slain by a goblin
             ... wielding a +0 club
              (4 damage)
             ... on level 2 of the Dungeon.
             The game lasted 00:02:39 (772 turns).

MacCMillion the Cudgeller (Oni Gladiator)            Turns: 772, Time: 00:02:40

Health: -3/37      AC:  3    Str: 20    XL:     3   Next: 45%
Magic:  0/3        EV:  9    Int:  9    God:
Gold:   31         SH:  0    Dex: 10    Spells: 2/2 levels left

rFire   . . .        a - +0 flail
rCold   . . .        (no shield)
rNeg    . . .        b - +0 robe
rPois   .            c - +0 hat
rElec   .            (no cloak)
rCorr   .            (gloves unavailable)
SInv    .            (boots unavailable)
Will    .....        k - amulet of guardian spirit
Stlth   +            (no ring)
HPRegen 0.26/turn    (no ring)
MPRegen 0.08/turn

%: guardian spirit
@: no status effects
A: large, unfitting armour, horns 1, tough skin 1, double potion healing,
drunken brawling
a: no special abilities


You were on level 2 of the Dungeon.
You visited 1 branch of the dungeon, and saw 2 of its levels.

You collected 31 gold pieces.

Inventory:

Hand Weapons
 a - a +0 flail (weapon)
Missiles
 d - 3 throwing nets (quivered)
 e - a large rock
Armour
 b - a +0 robe (worn)
 c - a +0 hat (worn)
Jewellery
 k - an amulet of guardian spirit (around neck)
Scrolls
 g - a scroll of fog {unknown}
 h - a scroll of vulnerability {unknown}
 i - a scroll of noise {unknown}
 j - a scroll of teleportation {unknown}
Potions
 f - 2 potions of invisibility {unknown}


   Skills:
 - Level 3.0 Fighting
 + Level 4.0 Maces & Flails
 - Level 2.2 Throwing
 - Level 2.8 Dodging


You had 2 spell levels left.
You didn't know any spells.
Your spell library was empty.

Dungeon Overview and Level Annotations

Branches:
Dungeon (2/15)

Altars:

Annotations:
D:2 Natasha


Innate Abilities, Weirdness & Mutations

You are too large for most types of armour.
You have a pair of small horns on your head.
You have tough skin. (AC +1)
You gain doubled healing and magic from potions.
Whenever you drink a healing potion, you attack all around you.


Message History

You sock Natasha!
Natasha is heavily wounded.
Natasha claws you.
You closely miss Natasha.
Natasha is heavily wounded.
Natasha claws you. The goblin closely misses you.
You miss Natasha.
Natasha is heavily wounded.
Natasha claws you! The goblin hits you with a +0 club.
Natasha attacks as she pursues you! Natasha claws you!
You barely miss Natasha.
Natasha is heavily wounded.
Natasha mumbles some strange words.
The goblin hits you with a +0 club. Natasha claws you.
* * * LOW HITPOINT WARNING * * *
You hit Natasha.
Natasha is severely wounded.
The goblin hits you with a +0 club.
* * * LOW HITPOINT WARNING * * *
The cerulean imp hits you with a +2 spear.
* * * LOW HITPOINT WARNING * * *
Natasha barely misses you.
You closely miss Natasha.
Natasha is severely wounded.
The goblin closely misses you. Natasha barely misses you.
The cerulean imp hits you with a +2 spear.
* * * LOW HITPOINT WARNING * * *
You barely miss Natasha.
Natasha is severely wounded.
The goblin hits you with a +0 club.
* * * LOW HITPOINT WARNING * * *
Natasha barely misses you. The cerulean imp barely misses you.
The goblin hits you but does no damage.
You closely miss Natasha.
Natasha is severely wounded.
Natasha howls an incantation.
Natasha glows brightly for a moment.
Natasha barely misses you. The cerulean imp barely misses you.
The goblin hits you with a +0 club.
You die...

#....#.##.#.....###.#
...##................#
##.......##......######
...#########.#### )...
#...# ##.. #...# #)..#
#...#####. #@5.......
#hg.####..
#..............
....?..........
................
.######...####.# #....
# #...## #...#


You could see Natasha, a cerulean imp (summoned) and a goblin.

Vanquished Creatures
  A gnoll (D:1)
  An adder (D:2)
  4 bats
  2 endoplasms (D:1)
  A goblin (D:2)
  A hobgoblin (D:1)
  2 quokkas (D:1)
  2 ball pythons (D:1)
  2 frilled lizards (D:1)
  3 kobolds (D:1)
  3 rats
22 creatures vanquished.

Notes
Turn   | Place    | Note
-------+----------+-------------------------------------------
     0 | D:1      | MacCMillion the Oni Gladiator began the quest for the Orb.
     0 | D:1      | Reached XP level 1. HP: 22/22 MP: 1/1
   263 | D:1      | Reached XP level 2. HP: 28/29 MP: 2/2
   372 | D:1      | Reached XP level 3. HP: 10/37 MP: 3/3
   746 | D:2      | Reached skill level 4 in Maces & Flails
   761 | D:2      | Noticed Natasha
   771 | D:2      | HP: 1/37 [goblin/+0 club (1)]
   772 | D:2      | Slain by a goblin

Illustrated notes

Levels and vault maps discovered:
D:1:      psy_arrival_statuary, layout_basic
D:2:      layout_loops_cross, grunt_ministairs_7, hex_medium, uniq_natasha

Skill      XL: |  1  2  3 |
---------------+----------+-----
Fighting       | 3 |  3.0
Maces & Flails | 4 |  4.0
Throwing       | |  2.2
Dodging        | |  2.8

Action                     || total
---------------------------++-------
  Melee: Flail             ||    62
         Headbutt          ||     4
 Armour: Robe              ||    63
  Dodge: Dodged            ||    32

Table legend: (Time is in decaauts)
 A = Elapsed time spent in this place.
 B = Non-inter-level travel time spent in this place.
 C = Inter-level travel time spent in this place.
 D = Time resting spent in this place.
 E = Time spent auto-exploring this place.
 F = Levels seen in this place.
 G = Mean time per level.
                   A        B        C        D        E       F      G
               +--------+--------+--------+--------+--------+-----+--------+
         Total |    785 |    762 |     23 |    226 |    269 |   2 |  392.5 |
       Dungeon |    785 |    762 |     23 |    226 |    269 |   2 |  392.5 |
               +--------+--------+--------+--------+--------+-----+--------+

Top non-repeatable levels by time:
     D:1: 565 daAuts
     D:2: 220 daAuts
